 Dungeon Crawl Stone Soup version 0.30-a0-715-gdb4ae3ece1 (webtiles) character file.

Game seed: 7023843693927316604

4 Citaku the Grasshopper (level 1, -1/19 HPs)
             Began as a Naga Warper on Jan 23, 2023.
             Slain by a goblin
             ... wielding a +0 dagger
              (4 damage)
             ... on level 1 of the Dungeon.
             The game lasted 00:01:11 (61 turns).

Citaku the Grasshopper (Naga Warper)                  Turns: 61, Time: 00:01:11

Health: -1/19      AC:  1    Str: 13    XL:     1   Next: 60%
Magic:  3/3        EV:  9    Int: 13    God:
Gold:   0          SH:  5    Dex: 10    Spells: 4/4 levels left

rFire   . . .      SeeInvis +    a - +0 mace
rCold   . . .      Faith    .    (no shield)
rNeg    . . .      Spirit   .    b - +0 leather armour
rPois   +          Reflect  +    (no helmet)
rElec   .          Harm     .    (no cloak)
rCorr   .          Rampage  .    (no gloves)
Will    .....                    (no barding)
Stlth   +                        e - amulet of reflection
HPRegen 0.23/turn                (no ring)
MPRegen 0.08/turn                (no ring)

@: very slow
A: AC +0, large, see invisible, deformed body, poison resistance, slowness 2,
spit poison 1, naga tail 1
a: Spit Poison


You were on level 1 of the Dungeon.
You visited 1 branch of the dungeon, and saw 1 of its levels.

Inventory:

Hand Weapons
 a - a +0 mace (weapon)
Missiles
 d - 7 boomerangs of dispersal (quivered)
Armour
 b - a +0 leather armour (worn)
Jewellery
 e - an amulet of reflection (around neck)
Scrolls
 c - a scroll of blinking
Potions
 f - 3 potions of degeneration {unknown}


   Skills:
 + Level 2.0 Fighting
 + Level 2.0 Maces & Flails
 + Level 0.9 Throwing
 + Level 0.8 Armour
 + Level 1.6 Dodging
 + Level 2.0 Spellcasting
 + Level 3.0 Translocations


You had 4 spell levels left.
You didn't know any spells.
Your spell library contained the following spells:

 Spells                   Type           Power      Damage    Failure   Level
 Blink                    Tloc           18%        N/A       14%         2
 Lesser Beckoning         Tloc           18%        N/A       14%         2
 Teleport Other           Tloc           9%         N/A       28%         3
 Vhi's Electric Charge    Tloc/Air       10%        N/A       45%         3
 Manifold Assault         Tloc           9%         N/A       67%         4


Dungeon Overview and Level Annotations

Branches:
Dungeon (1/15)

Altars:


Innate Abilities, Weirdness & Mutations

Your serpentine skin is tough. (AC +0)
You have supernaturally acute eyesight. (SInv)
Armour fits poorly on your strangely shaped body.
Your system is resistant to poisons. (rPois)
You cover ground very slowly.
You can spit poison.
You have a snake-like lower body.


Message History

The frilled lizard hisses angrily.
You hit the frilled lizard.
You kill the frilled lizard!
You hit the giant cockroach.
The giant cockroach is severely wounded.
The giant cockroach bites you. x2
You closely miss the giant cockroach.
The giant cockroach is severely wounded.
The giant cockroach bites you.
You sock the giant cockroach!
You kill the giant cockroach!
No target in view!
An endoplasm comes into view.
Found a stone staircase leading down.
Things that are here:
3 fizzy inky potions; a giant cockroach corpse
f - 3 fizzy inky potions A goblin and a kobold come into view.
The goblin shouts!
The kobold shouts!
The endoplasm jiggles.
The endoplasm freezes you.
You are frozen.
The endoplasm freezes you.
You are frozen.
The kobold barely misses you.
You hit the endoplasm.
The endoplasm is almost dead.
The endoplasm freezes you.
You are frozen.
The kobold barely misses you. The goblin hits you with a +0 dagger.
You are too injured to fight recklessly!
You are too injured to fight recklessly!
You hit the endoplasm.
You kill the endoplasm!
The kobold hits you with a +0 short sword.
The goblin closely misses you.
You barely miss the goblin.
The kobold hits you with a +0 short sword.
* * * LOW HITPOINT WARNING * * *
The goblin hits you with a +0 dagger.
You die...

####+##+##
#........#
#........#
#...>....#
#........#
#........+
#..K.....#
#.@g.....#
#........#
#........#
#†.......#
#.########
#.# #.#
#######.#
#.......#


You could see a goblin and a kobold.

Vanquished Creatures
  An endoplasm (D:1)
  A giant cockroach (D:1)
  A frilled lizard (D:1)
  A rat (D:1)
4 creatures vanquished.

Notes
Turn   | Place    | Note
-------+----------+-------------------------------------------
     0 | D:1      | Citaku the Naga Warper began the quest for the Orb.
     0 | D:1      | Reached XP level 1. HP: 19/19 MP: 3/3
    61 | D:1      | Slain by a goblin

Illustrated notes

Levels and vault maps discovered:
D:1:      matt_arrival_grand_opening, layout_basic

Action                     || total
---------------------------++-------
  Melee: Mace              ||     8
  Dodge: Dodged            ||     3

Table legend: (Time is in decaauts)
 A = Elapsed time spent in this place.
 B = Non-inter-level travel time spent in this place.
 C = Inter-level travel time spent in this place.
 D = Time resting spent in this place.
 E = Time spent auto-exploring this place.
 F = Levels seen in this place.
 G = Mean time per level.
                   A        B        C        D        E       F      G
               +--------+--------+--------+--------+--------+-----+--------+
         Total |     75 |     75 |      0 |      0 |     44 |   1 |   75.0 |
       Dungeon |     75 |     75 |      0 |      0 |     44 |   1 |   75.0 |
               +--------+--------+--------+--------+--------+-----+--------+

Top non-repeatable levels by time:
     D:1: 75 daAuts
